 Dungeon Crawl Stone Soup version 0.27-a0-1188-g73eefd5def (webtiles) character file.

Game seed: 12960669572091675016

1 Phantomfrettchen the Skirmisher (level 1, 2/18 HPs)
             Began as a Demonspawn Chaos Knight on May 22, 2021.
             Was a Plaything of Xom.
             Got out of the dungeon alive.
             The game lasted 00:00:53 (67 turns).

Phantomfrettchen the Skirmisher (DsCK)                Turns: 67, Time: 00:00:54

Health: 2/18       AC:  5    Str: 12    XL:     1   Next: 16%
Magic:  1/1        EV: 11    Int: 13    God:    Xom [..*...]
Gold:   9          SH:  0    Dex: 12    Spells: 0/0 levels left

rFire    . . .     SeeInvis .     - Unarmed
rCold    . . .     Faith    .   (no shield)
rNeg     . . .     Spirit   .   a - +2 leather armour
rPois    .         Reflect  .   (no helmet)
rElec    .         Harm     .   (no cloak)
rCorr    .         Rampage  .   (no gloves)
Will     .....                  (no boots)
Stlth    +.........             (no amulet)
HPRegen  0.06/turn              (no ring)
MPRegen  0.07/turn              (no ring)

@: no status effects
A: no striking features
a: Renounce Religion


You escaped.
You worshipped Xom.
You were a toy of Xom.
You visited 1 branch of the dungeon, and saw 1 of its levels.

You collected 9 gold pieces.

Inventory:

Missiles
 b - 23 arrows
Armour
 a - a +2 leather armour (worn)


   Skills:
 + Level 3.1 Fighting
 + Level 1.7 Armour
 + Level 0.8 Dodging
 + Level 2.6 Unarmed Combat


You couldn't memorise any spells.
You didn't know any spells.
Your spell library was empty.

Dungeon Overview and Level Annotations

Branches:
Dungeon (1/15)

Altars:


Message History

You barely miss the hobgoblin. The hobgoblin misses you.
You hit the hobgoblin but do no damage. The hobgoblin closely misses you.
You hit the hobgoblin but do no damage.
The hobgoblin hits you but does no damage.
You hit the hobgoblin but do no damage. You closely miss the goblin.
The hobgoblin barely misses you. The goblin misses you.
You barely miss the goblin. The hobgoblin hits you.
The goblin closely misses you.
You hit the hobgoblin.
The hobgoblin is moderately wounded.
The hobgoblin hits you. The goblin misses you.
You barely miss the hobgoblin.
The hobgoblin is moderately wounded.
The hobgoblin hits you.
You barely miss the hobgoblin.
The hobgoblin is moderately wounded.
The goblin hits you with a +0 club.
* * * LOW HITPOINT WARNING * * *
A shower of butterflies erupts from you!
The goblin misses your butterfly.
You hit the hobgoblin but do no damage.
The hobgoblin is moderately wounded.
The hobgoblin closely misses you.
The goblin completely misses your butterfly.
You hit the hobgoblin but do no damage.
The hobgoblin is moderately wounded.
The hobgoblin closely misses you.
The hobgoblin barely misses your butterfly.
You hit the goblin.
You kill the goblin!
The hobgoblin hits you.
* * * LOW HITPOINT WARNING * * *
The hobgoblin misses you.
There is an open door here.
There is a staircase leading out of the dungeon here.
Are you sure you want to leave the Dungeon?
This will make you lose the game! The hobgoblin hits you.
* * * LOW HITPOINT WARNING * * *
You have escaped!

##++## # #..###....##
#. #..##......#
##.###..##.⌠..).##
#.......#...b....#
####.......#.⌠..)...#
...........#...##...#
...........#..####K.#
...........'..+>@g..+
...........#..####..#
..(........#...##...#
...........#......⌠.#
#########..#.b......#
#..##....⌠.##
#..##......#
#..###....## #..#
##++##


You could see a hobgoblin and a kobold.

Vanquished Creatures
  A goblin (D:1)
1 creature vanquished.

Notes
Turn   | Place    | Note
-------+----------+-------------------------------------------
     0 | D:1      | Phantomfrettchen the Demonspawn Chaos Knight began the
                  | quest for the Orb.
     0 | D:1      | Reached XP level 1. HP: 18/18 MP: 1/1
    53 | D:1      | XOM: butterfly on damage
    67 | D:$      | Got out of the dungeon alive.

Illustrated notes

Levels and vault maps discovered:
D:1:      dpeg_arrival_refuge, layout_basic

Action                   || total
-------------------------++-------
Melee: Unarmed           ||    15
Armor: Leather armour    ||     3
Dodge: Dodged            ||    10

Table legend: (Time is in decaauts)
 A = Elapsed time spent in this place.
 B = Non-inter-level travel time spent in this place.
 C = Inter-level travel time spent in this place.
 D = Time resting spent in this place.
 E = Time spent auto-exploring this place.
 F = Levels seen in this place.
 G = Mean time per level.
                   A        B        C        D        E       F      G
               +--------+--------+--------+--------+--------+-----+--------+
         Total |     66 |     66 |      0 |      0 |     20 |   1 |   66.0 |
       Dungeon |     66 |     66 |      0 |      0 |     20 |   1 |   66.0 |
               +--------+--------+--------+--------+--------+-----+--------+

Top non-repeatable levels by time:
     D:1: 66 daAuts
